 Dungeon Crawl Stone Soup version 0.28-a0-224-g76b539d98b (webtiles) character file.

Game seed: 737836187343356794

13 timneilson the Shield-Bearer (level 2, 0/19 HPs)
             Began as a Gargoyle Fighter on Aug 22, 2021.
             Frozen to death by an endoplasm (4 damage)
             ... on level 1 of the Dungeon.
             The game lasted 00:00:14 (95 turns).

timneilson the Shield-Bearer (Gargoyle Fighter)       Turns: 95, Time: 00:00:15

Health: 0/19       AC:  9    Str: 19    XL:     2   Next: 37%
Magic:  2/2        EV:  7    Int:  8    God:
Gold:   0          SH:  8    Dex:  9    Spells: 1/1 levels left

rFire   . . .      SeeInvis .   a - +0 long sword
rCold   . . .      Faith    .   c - +0 kite shield
rNeg    + . .      Spirit   .   b - +0 scale mail
rPois   ∞          Reflect  .   (no helmet)
rElec   +          Harm     .   (no cloak)
rCorr   .          Rampage  .   (no gloves)
Will    .....                   (no boots)
Stlth   ..........              (no amulet)
HPRegen 0.06/turn               (no ring)
MPRegen 0.08/turn               (no ring)

@: no status effects
A: sickness immunity, AC +2, negative energy resistance 1, electricity
resistance, torment resistance 1, petrification resistance
a: no special abilities


You were on level 1 of the Dungeon.
You visited 1 branch of the dungeon, and saw 1 of its levels.

Inventory:

Hand Weapons
 a - a +0 long sword (weapon)
Armour
 b - a +0 scale mail (worn)
 c - a +0 kite shield (worn)
Potions
 d - 2 potions of might


   Skills:
 + Level 3.3 Fighting
 * Level 2.0 Long Blades
 * Level 3.5 Armour
 * Level 3.6 Shields


You had one spell level left.
You didn't know any spells.
Your spell library was empty.

Dungeon Overview and Level Annotations

Branches:
Dungeon (1/15)

Altars:


Innate Abilities, Weirdness & Mutations

You are immune to sickness and miasma.
Your stone body is resilient. (AC +2)
You are immune to poison.
You resist negative energy. (rN+)
You are resistant to electric shocks. (rElec)
You are resistant to unholy torment.
You are immune to petrification.


Message History

An endoplasm comes into view.
The endoplasm quivers.
The goblin shouts!
A kobold comes into view. It is wielding a +0 whip.
The kobold shouts!
The goblin barely misses you.
You closely miss the goblin. You block the goblin's attack.
You closely miss the goblin.
The goblin hits you with a +0 dagger. x2
You block the goblin's attack.
You slash the endoplasm!
You kill the endoplasm!
An endoplasm comes into view.
The goblin hits you but does no damage. You block the goblin's attack.
The goblin completely misses you.
You hit the goblin.
You kill the goblin!
The goblin closely misses you. x2; You riposte.
You closely miss the goblin. The goblin hits you but does no damage.
The kobold hits you but does no damage. The goblin hits you but does no damage.
You miss the kobold. You block the goblin's attack.
You block the kobold's attack. The goblin hits you but does no damage.
You hit the kobold.
You kill the kobold!
The goblin barely misses you. x2; You riposte.
You closely miss the goblin. You block the goblin's attack.
The goblin hits you with a +0 club.
You closely miss the goblin. You block the goblin's attack. x3
You closely miss the goblin. You block the goblin's attack. x2
The endoplasm freezes you.
You are frozen.
The goblin hits you but does no damage.
You slash the goblin!
You kill the goblin!
The endoplasm hits you but does no damage.
The goblin barely misses you.
You barely miss the goblin. The endoplasm freezes you.
You are frozen.
The goblin hits you with a +0 club.
* * * LOW HITPOINT WARNING * * *
The endoplasm freezes you.
You are frozen.
You die...

..............
...............
..#............
.............#
...........# .
#.........# ...
#..)))....#
#..###..@g...##
#.......J....#
####.........### ##
#............ ...
#............ ##.. #.#
#............ ....###..#
##...........
#.....##..###...........
#.....###..#..##........


You could see an endoplasm and a goblin.

Vanquished Creatures
  An endoplasm (D:1)
  2 goblins (D:1)
  3 jackals (D:1)
  3 ball pythons (D:1)
  A bat (D:1)
  A kobold (D:1)
  A rat (D:1)
12 creatures vanquished.

Notes
Turn   | Place    | Note
-------+----------+-------------------------------------------
     0 | D:1      | timneilson the Gargoyle Fighter began the quest for the
                  | Orb.
     0 | D:1      | Reached XP level 1. HP: 14/14 MP: 1/1
    40 | D:1      | Reached XP level 2. HP: 19/19 MP: 2/2
    95 | D:1      | Frozen to death by an endoplasm

Illustrated notes

Levels and vault maps discovered:
D:1:      eino_arrival_water_star, layout_rooms, minmay_hexomino_u4

Skill      XL: |  1  2 |
---------------+-------+-----
Long Blades    | 2 |  2.0
Fighting       | |  3.3
Armour         | |  3.5
Shields        | |  3.6

Action                   || total
-------------------------++-------
Melee: Long sword        ||    29
Armor: Scale mail        ||    22
Dodge: Dodged            ||    18
Block: Kite shield       ||    26
       Rpst.: Long sword ||     4

Table legend: (Time is in decaauts)
 A = Elapsed time spent in this place.
 B = Non-inter-level travel time spent in this place.
 C = Inter-level travel time spent in this place.
 D = Time resting spent in this place.
 E = Time spent auto-exploring this place.
 F = Levels seen in this place.
 G = Mean time per level.
                   A        B        C        D        E       F      G
               +--------+--------+--------+--------+--------+-----+--------+
         Total |    111 |    111 |      0 |      0 |     52 |   1 |  111.0 |
       Dungeon |    111 |    111 |      0 |      0 |     52 |   1 |  111.0 |
               +--------+--------+--------+--------+--------+-----+--------+

Top non-repeatable levels by time:
     D:1: 111 daAuts
